 Dungeon Crawl Stone Soup version 0.22.1-1-ga44c0e5 (webtiles) character file.

8715 Fang the Cleaver (level 11, -2/106 HPs)
             Began as a Gargoyle Berserker on Oct 9, 2018.
             Was a High Priest of Trog.
             Slain by a freezing wraith (26 damage)
             ... on level 10 of the Dungeon.
             The game lasted 00:12:52 (9389 turns).

Fang the Cleaver (Gargoyle Berserker)               Turns: 9389, Time: 00:12:53

Health: -2/106     AC: 15    Str: 28    XL:     11   Next: 35%
Magic:  11/11      EV: 13    Int: 11    God:    Trog [*****.]
Gold:   464        SH:  0    Dex:  9    Spells: 10/10 levels left

rFire    . . .     SeeInvis .   r - +8 war axe of Dishonesty {chop, MR++}
rCold    . . .     Gourm    .   (no shield)
rNeg     + + .     Faith    .   y - +0 leather armour "Vosul" {+Inv rN+ rCorr Stlth+} (curse)
rPois    ∞         Spirit   .   (no helmet)
rElec    +         Reflect  .   (no cloak)
rCorr    +         Harm     +   (no gloves)
MR       ++...     Rnd*Tele +   i - +1 pair of boots
Stlth    ..........             u - amulet of harm
HPRegen  0.27/turn              a - +2 ring of intelligence
MPRegen  0.12/turn              (no ring)

@: berserking, slowed
A: yellow scales 1, negative energy resistance 1, electricity resistance,
teleportitis 1, unbreathing, petrification resistance, rot immunity, sturdy
frame 1, AC +8
a: Berserk, Trog's Hand, Brothers in Arms, Renounce Religion, Evoke Invisibility


You were on level 10 of the Dungeon.
You worshipped Trog.
Trog was extremely pleased with you.
You were near starving.

You visited 2 branches of the dungeon, and saw 11 of its levels.

You collected 642 gold pieces.
You spent 178 gold pieces at shops.

Inventory:

Hand Weapons
 r - the +8 war axe of Dishonesty (weapon) {chop, MR++}
   (You bought it in a shop on level 4 of the Dungeon)

   It inflicts extra damage upon your enemies.
   It affects your resistance to hostile enchantments.
 w - a +0 war axe
Armour
 b - a +1 animal skin
 i - a +1 pair of boots (worn)
 y - the cursed +0 leather armour "Vosul" (worn) {+Inv rN+ rCorr Stlth+}
   (You found it on level 10 of the Dungeon)

   It protects you from negative energy.
   It lets you turn invisible.
   It provides partial protection from all sources of acid and corrosion.
   It makes you more stealthy.
   It has a curse placed upon it.
 z - the +1 leather armour of Insatiable Hunger {-Cast rElec Int+5 Stlth+}
   (You found it on level 5 of the Dungeon)

   It affects your intelligence (+5).
   It insulates you from electricity.
   It prevents spellcasting.
   It makes you more stealthy.
Jewellery
 a - a +2 ring of intelligence (left hand)
 u - an amulet of harm (around neck)
Wands
 f - a wand of flame (43)
 l - a wand of acid (9)
 p - a wand of polymorph (12)
 q - a wand of iceblast (9)
 x - a wand of paralysis (14)
Scrolls
 d - a scroll of enchant armour
 h - a scroll of fog
 s - 3 scrolls of teleportation
 v - a scroll of blinking
Potions
 e - 2 potions of heal wounds
 g - 6 potions of curing
 j - 2 potions of brilliance
 k - a potion of haste
 m - 3 potions of invisibility
 n - a potion of berserk rage
 o - a potion of ambrosia
 t - a potion of agility
 B - a potion of cancellation {unknown}
Comestibles
 c - 26 rations


   Skills:
 + Level 9.3 Fighting
 + Level 11.9 Axes
 + Level 4.1 Armour
 + Level 4.7 Dodging
 + Level 7.1 Stealth


You had 10 spell levels left.
You didn't know any spells.
Your spell library was empty.

Dungeon Overview and Level Annotations

Branches:
Dungeon (10/15)            Temple (1/1) D:7            Lair (0/6) D:10
    Orc (0/2) D:10

Altars:
Ashenzari
Cheibriados
Dithmenos
Elyvilon
Gozag
Hepliaklqana
Nemelex Xobeh
Ru
Sif Muna
Vehumet
Wu Jian
Xom
Zin
The Shining One

Shops:
D:4 **:(


Innate Abilities, Weirdness & Mutations

You are resistant to torment.
Your stone body is resilient. (AC +8)
You are immune to poison.
You resist negative energy. (rN+)
You are resistant to electric shocks. (rElec)
You can survive without breathing.
You are immune to petrification.
You are immune to rotting.
You are partially covered in yellow scales. (AC +2)
You are occasionally teleported next to monsters.
Your movements are slightly less encumbered by armour. (ER -2)


Message History

You are too injured to fight recklessly!
You are too injured to fight recklessly!
You are too injured to fight recklessly!
You are too injured to fight recklessly!
You are too injured to fight recklessly!
A red film seems to cover your vision as you go berserk!
You feel yourself moving faster!
You feel mighty!
You are near starving!
The freezing wraith hits you! The freezing wraith freezes you!
* * * LOW HITPOINT WARNING * * *
The freezing wraith completely misses you.
You feel a strong urge to attack something.
The freezing wraith barely misses you. x2
Found a runed dagger, a papyrus book and a short runed staff.
You hit the freezing wraith.
The freezing wraith is severely damaged.
The freezing wraith hits you.
* * * LOW HITPOINT WARNING * * *
The freezing wraith freezes you!!
You die...

...#....#.###.## #.#..##†#.#.###
.>.#....#..#..# #.#####.##..# #
.....#..###'### ##..##.####'###
.......##.....## ###..###.....#
......##..#.#..## #####..#.#..
.....##...#.##..## #+## #..#...#.
.....#....#..#...##:.)##..#.....#
..<..#....#....#.#".# #.#.._._..
##...'.##......#@WC# +.....#...
.....#.##.....##.#Z.# #.#(._._..
.##..#....#....(.# :.|##..#.....#
.##..##..##.....## #+## #..#...#.
.##...##..#....## ....###..#.#..
.##....##.....## ...###.....#
.###....###'### ####...####'###
.# ##...#.....# ###..###..#.....#
.# ##..#...#.###......##.#.###.#


You could see a cyclops, a freezing wraith and a bullfrog skeleton.

Vanquished Creatures
  A death knight (D:10)
  An obsidian statue (D:10)
  An ugly thing (D:9)
  2 komodo dragons (D:10)
  A troll (D:9)
  A hornet (D:7)
  Grinder (D:4)
  2 hippogriffs
  3 wraiths (D:10)
  3 yaks (D:10)
  Sigmund (D:4)
  A basilisk (D:10)
  2 wyverns (D:10)
  A vampire mosquito (D:10)
  A hungry ghost (D:7)
  2 black bears
  A swamp drake (D:10)
  A sky beast (D:10)
  3 ice beasts
  A phantom (D:7)
  4 ogres
  2 centaurs (D:10)
  A big kobold (D:10)
  2 crocodiles (D:10)
  3 bullfrogs
  A water moccasin zombie (D:10)
  A wyvern skeleton (D:10)
  A scorpion (D:9)
  A killer bee (D:10)
  3 howler monkeys (D:7)
  12 wights
  4 crimson imps
  4 orc priests
  5 jellies
  A quasit (D:9)
  4 hounds
  3 orc wizards (D:5)
  A bullfrog zombie (D:5)
  2 bullfrog skeletons
  3 centaur skeletons
  2 iguanas
  7 worker ants
  A hound skeleton (D:8)
  4 worker ant zombies
  A howler monkey skeleton (D:6)
  6 gnolls
  15 adders
  2 shadow imps
  5 oozes (D:8)
  4 worms (D:2)
  3 adder skeletons
  4 dart slugs
  7 leopard geckos
  34 orcs
  4 bats
  3 giant cockroaches
  13 goblins
  25 hobgoblins
  4 jackals (D:3)
  20 kobolds
  3 quokkas
  3 ball pythons
  7 frilled lizards
  2 quokka skeletons
  5 rats
272 creatures vanquished.

Notes
Turn   | Place    | Note
-------+----------+-------------------------------------------
     0 | D:1      | Fang the Gargoyle Berserker began the quest for the Orb.
     0 | D:1      | Reached XP level 1. HP: 14/14 MP: 1/1
     3 | D:1      | Noticed an electric eel
     3 | D:1      | Noticed an electric eel
   289 | D:1      | Reached XP level 2. HP: 17/19 MP: 2/2
   299 | D:1      | Reached skill level 3 in Axes
  1075 | D:2      | Reached XP level 3. HP: 18/24 MP: 3/3
  1462 | D:2      | Reached ** piety under Trog
  1462 | D:2      | Reached XP level 4. HP: 11/29 MP: 4/4
  2609 | D:3      | Reached skill level 4 in Axes
  2609 | D:3      | Reached XP level 5. HP: 31/34 MP: 5/5
  2654 | D:3      | Noticed an ogre
  2661 | D:3      | Killed an ogre
  2801 | D:3      | Found a glowing silver altar of Zin.
  2826 | D:3      | Reached XP level 6. HP: 24/39 MP: 6/6
  2833 | D:3      | Reached *** piety under Trog
  2963 | D:3      | Found a snail-covered altar of Cheibriados.
  3151 | D:4      | Found Qeck's Book Shop.
  3151 | D:4      | Noticed Sigmund
  3161 | D:4      | Killed Sigmund
  3161 | D:4      | Reached skill level 5 in Fighting
  3161 | D:4      | Reached skill level 5 in Axes
  3161 | D:4      | Reached skill level 1 in Stealth
  3231 | D:4      | Reached XP level 7. HP: 36/44 MP: 7/7
  3322 | D:4      | Found Eqiatsok's Assorted Antiques.
  3379 | D:4      | Found Ryong's Assorted Antiques.
  3439 | D:4      | Found an opulent altar of Gozag.
  3755 | D:4      | Bought an iridescent war axe for 178 gold pieces
  3755 | D:4      | Identified the +8 war axe of Dishonesty {chop, MR++} (You
                  | bought it in a shop on level 4 of the Dungeon)
  3910 | D:4      | Noticed Grinder
  3923 | D:4      | Killed Grinder
  3923 | D:4      | Reached skill level 6 in Axes
  4146 | D:4      | Received a gift from Trog
  4186 | D:4      | Found a shimmering altar of Xom.
  4205 | D:4      | Found an ornate altar of the Wu Jian Council.
  4206 | D:4      | Found a sacrificial altar of Ru.
  4206 | D:4      | Found a shadowy altar of Dithmenos.
  4207 | D:4      | Found a white marble altar of Elyvilon.
  4207 | D:4      | Found a shattered altar of Ashenzari.
  4208 | D:4      | Found a sparkling altar of Nemelex Xobeh.
  4215 | D:4      | Found Zaruseus's Weapon Shop.
  4347 | D:5      | Entered Level 5 of the Dungeon
  4361 | D:5      | Reached XP level 8. HP: 47/51 MP: 8/8
  4454 | D:5      | Reached skill level 7 in Axes
  4480 | D:5      | Reached **** piety under Trog
  4859 | D:5      | Got an ancient leather armour
  4870 | D:5      | Identified the cursed +1 leather armour of Insatiable
                  | Hunger {-Cast rElec Int+5 Stlth+} (You found it on level 5
                  | of the Dungeon)
  5079 | D:6      | Gained mutation: You are partially covered in yellow
                  | scales. (AC +2) [potion of mutation]
  5079 | D:6      | Gained mutation: You are occasionally teleported next to
                  | monsters. [potion of mutation]
  5079 | D:6      | Gained mutation: Your movements are slightly less
                  | encumbered by armour. (ER -2) [potion of mutation]
  5162 | D:6      | Reached skill level 8 in Axes
  5262 | D:6      | Reached XP level 9. HP: 55/56 MP: 9/9
  5678 | D:7      | Noticed a hornet
  5684 | D:7      | Killed a hornet
  5704 | D:7      | Reached skill level 9 in Axes
  5767 | D:7      | Found a radiant altar of Vehumet.
  5949 | D:7      | Found a staircase to the Ecumenical Temple.
  6458 | Temple   | Entered the Ecumenical Temple
  6778 | D:8      | Found a glowing golden altar of the Shining One.
  6965 | D:8      | Reached ***** piety under Trog
  7563 | D:9      | Found a hazy altar of Hepliaklqana.
  7640 | D:9      | Noticed a troll
  7643 | D:9      | Reached skill level 10 in Axes
  7651 | D:9      | Killed a troll
  7651 | D:9      | Reached XP level 10. HP: 42/64 MP: 10/10
  7853 | D:9      | Reached skill level 5 in Stealth
  7911 | D:9      | Noticed a green ugly thing
  7918 | D:9      | Killed a green ugly thing
  8380 | D:10     | Entered Level 10 of the Dungeon
  8585 | D:10     | Got a dazzling leather armour
  8590 | D:10     | Found a staircase to the Orcish Mines.
  8627 | D:10     | Identified the cursed +0 leather armour "Vosul" {+Inv rN+
                  | rCorr Stlth+} (You found it on level 10 of the Dungeon)
  8728 | D:10     | Noticed an obsidian statue
  8737 | D:10     | Killed an obsidian statue
  8737 | D:10     | Reached skill level 11 in Axes
  8921 | D:10     | Reached XP level 11. HP: 67/69 MP: 11/11
  8942 | D:10     | Found a staircase to the Lair.
  9218 | D:10     | Found a radiant altar of Vehumet.
  9218 | D:10     | Found a shimmering altar of Xom.
  9219 | D:10     | Found a deep blue altar of Sif Muna.
  9219 | D:10     | Found a hazy altar of Hepliaklqana.
  9297 | D:10     | Noticed a death knight
  9304 | D:10     | Killed a death knight
  9370 | D:10     | Noticed a cyclops
  9389 | D:10     | Slain by a freezing wraith

Skill      XL: |  1  2  3  4  5  6  7  8  9 10 11 |
---------------+----------------------------------+-----
Axes           | 3 4 5 6 8 10 11 | 11.9
Dodging        | 2 3 4 |  4.7
Fighting       | 4 5 6 7 8 9 |  9.3
Stealth        | 1 2 3 4 6 7 |  7.1
Armour         | 3 4 |  4.1

Action                   |  1- 3 |  4- 6 |  7- 9 | 10-12 || total
-------------------------+-------+-------+-------+-------++-------
Melee: Hand axe          |    82 |   180 |    76 |       ||   338
       War axe           |       |       |   236 |   142 ||   378
Invok: Berserk           |     2 |     4 |     1 |     2 ||     9
  Use: Scroll            |       |       |    15 |     4 ||    19
       Potion            |       |       |     1 |       ||     1
 Stab: Sleeping          |       |       |    15 |    12 ||    27
  Eat: Chunk             |     2 |    11 |    14 |     3 ||    30
       Ration            |       |       |     1 |     1 ||     2
Armor: Animal skin       |    35 |    46 |    47 |       ||   128
       Leather armour    |       |       |    42 |    58 ||   100
Dodge: Dodged            |    64 |   137 |   170 |    75 ||   446
